 Dungeon Crawl Stone Soup version 0.28.0-53-g5a82cb258f (webtiles) character file.

Game seed: 5782380812754119945

147 bnorton916 the Magician (level 5, -2/28 HPs)
             Began as a Deep Elf Fire Elementalist on Aug 10, 2022.
             Was an Initiate of Sif Muna.
             Slain by a gnoll
             ... wielding a +0 spear
              (4 damage)
             ... on level 3 of the Dungeon.
             The game lasted 00:02:49 (3429 turns).

bnorton916 the Magician (DEFE)                      Turns: 3429, Time: 00:02:49

Health: -2/28      AC:  4    Str:  5    XL:     5   Next: 7%
Magic:  10/14      EV: 12    Int: 22    God:    Sif Muna [......]
Gold:   161        SH:  0    Dex: 15    Spells: 3/13 levels left

rFire   . . .      SeeInvis .   k - +4 dagger (venom)
rCold   . . .      Faith    .   (no shield)
rNeg    . . .      Spirit   .   a - +0 robe
rPois   .          Reflect  .   (no helmet)
rElec   .          Harm     .   b - +1 cloak
rCorr   .          Rampage  .   (no gloves)
Will    .....                   (no boots)
Stlth   ++........              (no amulet)
HPRegen 0.09/turn               (no ring)
MPRegen 0.14/turn               (no ring)

@: no status effects
A: no striking features
a: Renounce Religion


You were on level 3 of the Dungeon.
You worshipped Sif Muna.
Sif Muna was noncommittal.
You visited 1 branch of the dungeon, and saw 3 of its levels.

You collected 161 gold pieces.

Inventory:

Hand Weapons
 k - a +4 dagger of venom (weapon)
Missiles
 f - 51 stones
 i - 5 poisoned darts
 n - 6 boomerangs
Armour
 a - a +0 robe (worn)
 b - a +1 cloak (worn)
Scrolls
 d - 6 scrolls of identify {unknown}
Potions
 c - a potion of heal wounds {unknown}
 g - a potion of curing {unknown}
 j - 2 potions of degeneration {unknown}
 o - a potion of berserk rage {unknown}


   Skills:
 - Level 2.4 Dodging
 - Level 2.4 Stealth
 + Level 4.7 Spellcasting
 + Level 3.2 Conjurations
 + Level 4.5 Fire Magic


You had 3 spell levels left.
You knew the following spells:

 Your Spells              Type           Power      Damage    Failure   Level
a - Foxfire               Conj/Fire      88%        2x1d8     2%          1
b - Scorch                Fire           50%        2d8       2%          2
c - Conjure Flame         Conj/Fire      22%        6-21      6%          3
d - Flame Wave            Conj/Fire      22%        2d7       22%         4

Your spell library contained the following spells:

 Spells                   Type           Power      Damage    Failure   Level
 Inner Flame              Hex/Fire       15%        N/A       12%         3


Dungeon Overview and Level Annotations

Branches:
Dungeon (3/15)

Altars:
Ru
Sif Muna
Zin
The Shining One


Message History

The gnoll hits you from afar with a +0 spear.
The gnoll hits you with a +0 halberd!
As you read the scroll labelled JAGAMA ROEK, it crumbles to dust.
You feel aware of your surroundings.
It was a scroll of magic mapping.
The gnoll hits you from afar with a +0 spear!
* * * LOW HITPOINT WARNING * * *
The gnoll barely misses you.
Blink to where?
Press: ? - help, Dir - move target
As you read the scroll labelled ZOCATREIKH, it crumbles to dust.
It was a scroll of blinking.
As you read the scroll labelled ROUGESONKI, it crumbles to dust.
It is a scroll of enchant armour.
Your +0 cloak glows green for a moment.
As you read the scroll labelled VIFIDEXASU, it crumbles to dust.
You hear a loud clanging noise!
It was a scroll of noise.
Things that are here:
a +0 club; a bat corpse; a goblin corpse You see here a dart slug corpse.
There is an open door here.
Items here: ) [ ††.
The gnoll misses you. The adder bites you but does no damage.
There is an open door here.
Casting: Foxfire (safe; 2% risk of failure)
Confirm with . or Enter, or press ? or * to list all spells.
Flames lash the adder.
The adder is severely wounded.
The adder's fire resistance burns away.
The adder closely misses you. The adder barely misses you.
Unknown command.
Casting: Scorch (safe; 2% risk of failure)
Confirm with . or Enter, or press ? or * to list all spells.
Flames lash the adder.
The adder is burned terribly!
You kill the adder!
Sif Muna accepts your kill.
The gnoll hits you from afar with a +0 spear.
* * * LOW HITPOINT WARNING * * *
The gnoll hits you from afar with a +0 spear.
You die...

#........##.##..##..##....# #.
####.###....#....'#####..####
## #.####..##....##...##'#..##
# #..##..#.##..##.....##)...#
#
#####[##.#..##'##..).g..'....#
#
#..........##..##g..8...##..##
#
...>.......#...g)†..g...##'##
#
...........#....##.....##.g#*
#
...(.......##..#@##[..##....*
>...........####..#####J....*
..............#....#*.h##..##
..............#....+...,####
..............##..##..,,* ####
..............#####**,,**
##... #_....##.....## ****
#.⌠## ############## #.##.
#.#.⌠


You could see a gnoll.

Vanquished Creatures
  Jessica (D:2)
  A hound zombie (D:3)
  4 adders
  3 worms
  3 dart slugs
  3 orcs (D:3)
  5 bats
  4 endoplasms
  2 giant cockroaches (D:3)
  6 goblins
  A hobgoblin (D:3)
  8 kobolds
  2 quokkas (D:3)
  6 ball pythons
  2 frilled lizards
  7 rats
58 creatures vanquished.

Vanquished Creatures (others)
  274 foxfires
274 creatures vanquished.

Grand Total: 332 creatures vanquished

Notes
Turn   | Place    | Note
-------+----------+-------------------------------------------
     0 | D:1      | bnorton916 the Deep Elf Fire Elementalist began the quest
                  | for the Orb.
     0 | D:1      | Reached XP level 1. HP: 10/10 MP: 6/6
   348 | D:1      | Reached XP level 2. HP: 15/15 MP: 2/8
  1350 | D:2      | Reached XP level 3. HP: 14/19 MP: 5/10
  1495 | D:2      | Noticed Jessica
  1501 | D:2      | Killed Jessica
  1563 | D:2      | Reached XP level 4. HP: 22/24 MP: 9/12
  2081 | D:2      | Found a faded altar of an unknown god.
  2706 | D:3      | Found a shimmering blue altar of Sif Muna.
  2779 | D:3      | Became a worshipper of Sif Muna the Loreminder
  2852 | D:3      | Found a glowing silver altar of Zin.
  2904 | D:3      | Found a glowing golden altar of the Shining One.
  3028 | D:3      | Found a sacrificial altar of Ru.
  3334 | D:3      | Reached XP level 5. HP: 28/28 MP: 9/14
  3337 | D:3      | Learned a level 2 spell: Scorch
  3341 | D:3      | Learned a level 3 spell: Conjure Flame
  3346 | D:3      | Learned a level 4 spell: Flame Wave
  3429 | D:3      | Slain by a gnoll

Illustrated notes

Levels and vault maps discovered:
D:1:      matt_arrival_refuge, layout_rooms, minmay_pentomino_x4
D:2:      layout_basic, shapermc_ecumenical_altar_totnotflames,
          serial_co_window_serial, co_window_of_opportunity_a,
          co_window_paths_a, co_window_of_opportunity_a, co_window_paths_a,
          co_window_of_opportunity_a, co_window_corner_a, co_window_paths_a,
          co_window_of_opportunity_b, co_window_corner_b,
          co_window_unsneaky_path_a, co_window_broadway_b, co_window_2corner,
          co_window_4corner_b, glass_columns_b, glass_columns_c,
          glass_columns_c, uniq_jessica
D:3:      minmay_bubble_buster, layout_rooms,
          mainiacjoe_overflow_surrounded_room, tso_metal_star,
          lemuel_tele_altar, overflow_temple_1_default, minmay_misc_feat_square,
          minmay_misc_feat_enclosed, grunt_ministairs_11,
          chequers_serial_rivers_micro_e

Skill      XL: |  1  2  3  4 |
---------------+-------------+-----
Conjurations   | 2 3 |  3.2
Spellcasting   | 4 |  4.7
Fire Magic     | 4 |  4.5
Dodging        | |  2.4
Stealth        | |  2.4

Action                   |  1- 3 |  4- 6 || total
-------------------------+-------+-------++-------
Melee: Dagger            |       |     3 ||     3
 Cast: Foxfire           |    85 |    83 ||   168
       Scorch            |       |     2 ||     2
  Use: Scroll            |       |     4 ||     4
Armor: Robe              |     2 |     7 ||     9
Dodge: Dodged            |     6 |    13 ||    19
